 Dungeon Crawl Stone Soup version 0.29-a0-823-gc37b1572da (webtiles) character file.

Game seed: 2324469441541323452

175 Shayle the Sneak (level 5, -7/49 HPs)
             Began as a Naga Brigand on July 8, 2022.
             Mangled by an ogre
             ... wielding a +0 giant spiked club
              (30 damage)
             ... on level 4 of the Dungeon.
             The game lasted 00:10:06 (3520 turns).

Shayle the Sneak (Naga Brigand)                     Turns: 3520, Time: 00:10:07

Health: -7/49      AC:  3    Str: 13    XL:     5   Next: 55%
Magic:  8/8        EV:  9    Int: 14    God:
Gold:   218        SH:  3    Dex: 12    Spells: 8/8 levels left

rFire   . . .      SeeInvis +   a - +2 dagger
rCold   . . .      Faith    .   f - +0 buckler
rNeg    . . .      Spirit   .   b - +0 robe
rPois   +          Reflect  .   (no helmet)
rElec   .          Harm     .   c - +0 cloak
rCorr   .          Rampage  .   (no gloves)
Will    .....                   (no barding)
Stlth   +++.......              (no amulet)
HPRegen 0.16/turn               (no ring)
MPRegen 0.11/turn               (no ring)

@: short of breath, very slow
A: AC +1, large, see invisible, deformed body, poison resistance, slowness 2,
spit poison 1, naga tail 1
a: Spit Poison


You were on level 4 of the Dungeon.
You visited 1 branch of the dungeon, and saw 4 of its levels.

You collected 218 gold pieces.

Inventory:

Hand Weapons
 a - a +2 dagger (weapon)
Missiles
 d - 10 poisoned darts (quivered)
 i - 6 boomerangs
Armour
 b - a +0 robe (worn)
 c - a +0 cloak (worn)
 f - a +0 buckler (worn)
Wands
 n - a wand of flame (12)
Scrolls
 g - 3 scrolls of amnesia {unknown}
 j - a scroll of magic mapping {unknown}
 k - a scroll of summoning {unknown}
 l - a scroll of acquirement {unknown}
 m - 2 scrolls of fog {unknown}
 o - 2 scrolls of enchant armour {unknown}
Potions
 h - a potion of curing
 p - a potion of brilliance {unknown}


   Skills:
 + Level 3.5 Fighting
 - Level 2.0 Short Blades
 - Level 1.7 Throwing
 - Level 0.7 Dodging
 + Level 7.5 Stealth
 + Level 0.1 Shields
 + Level 2.4 Spellcasting


You had 8 spell levels left.
You didn't know any spells.
Your spell library contained the following spells:

 Spells                   Type           Power      Damage    Failure   Level
 Portal Projectile        Hex/Tloc       2%         N/A       65%         3
 Tukima's Dance           Hex            1%         N/A       65%         3
 Blade Hands              Tmut           0%         N/A       100%        5


Dungeon Overview and Level Annotations

Branches:
Dungeon (4/15)
 Temple: D:4-7

Altars:
Fedhas
Zin


Innate Abilities, Weirdness & Mutations

Your serpentine skin is tough. (AC +1)
You have supernaturally acute eyesight. (SInv)
Armour fits poorly on your strangely shaped body.
Your system is resistant to poisons. (rPois)
You cover ground very slowly.
You can spit poison.
You have a snake-like lower body.


Message History

The endoplasm is severely wounded.
The endoplasm closely misses you.
You barely miss the endoplasm.
The endoplasm is severely wounded.
The endoplasm hits you.
You hit the endoplasm.
You kill the endoplasm!
d - 7 poisoned darts (gained 1)
d - 8 poisoned darts (gained 1)
d - 9 poisoned darts (gained 1)
e - a curare-tipped dart
d - 10 poisoned darts (gained 1) HP restored.
You open the door.
There is an open door here.
You now have 204 gold pieces (gained 5).
You now have 218 gold pieces (gained 14).
o - 2 scrolls labelled PUBAFURI OMINETS (gained 1)
An ogre comes into view. It is wielding a +0 giant spiked club.
The ogre shouts!
The ogre attacks as you move away!
The ogre hits you with a +0 giant spiked club!
Aiming: Spit Poison (1% risk of failure)
Press: ? - help, Shift-Dir - straight line, f - ogre
Aim: an ogre, wielding a +0 giant spiked club (81% to hit)
The splash of poison hits the ogre!
The ogre is moderately wounded.
The ogre hits you with a +0 giant spiked club!!
* * * LOW HITPOINT WARNING * * *
You feel better.
Throw: dart (curare)
Press: ? - help, Q - select action, (/) - cycle Shift-Dir - straight line, f/p - ogre
Aim: an ogre, wielding a +0 giant spiked club (moderately wounded, 73% to hit)
You throw a curare-tipped dart. The curare-tipped dart hits the ogre.
The ogre is poisoned.
The ogre convulses.
The ogre seems to slow down.
The ogre is moderately wounded.
The ogre hits you with a +0 giant spiked club!!
Ouch! That really hurt!
You die...

. #.... ##. #.###
#.. #.##. #.# #.†..
#.###.###.# ####.
#.........# ## ##.##
##.
####O..###########..
+..@................
####...#..########..
####.###.# #.)..
.........# #.<..
≈≈.......# #..##
≈≈≈≈≈.....# #..##
≈≈≈≈≈≈≈...# #....
≈≈≈≈≈≈≈≈..# #...#
.≈≈≈≈≈≈..# #....


You could see an ogre (very poisoned, slow).

Vanquished Creatures
  Natasha (D:2)
  An orc wizard (D:3)
  2 adders (D:2)
  4 worms (D:2)
  4 dart slugs
  7 orcs
  5 ball pythons
  8 endoplasms
  3 giant cockroaches
  5 goblins
  8 hobgoblins
  4 jackals (D:2)
  5 kobolds
  A quokka (D:4)
  9 bats
  4 frilled lizards
  5 rats
76 creatures vanquished.

Vanquished Creatures (others)
  6 plants (D:1)
6 creatures vanquished.

Grand Total: 82 creatures vanquished

Notes
Turn   | Place    | Note
-------+----------+-------------------------------------------
     0 | D:1      | Shayle the Naga Brigand began the quest for the Orb.
     0 | D:1      | Reached XP level 1. HP: 19/19 MP: 1/1
   238 | D:1      | Reached skill level 6 in Stealth
   274 | D:1      | Reached XP level 2. HP: 26/26 MP: 2/2
   539 | D:1      | Reached skill level 1 in Spellcasting
   541 | D:1      | Found a faded altar of an unknown god.
   690 | D:1      | Reached XP level 3. HP: 33/33 MP: 4/4
  1236 | D:2      | Reached XP level 4. HP: 13/40 MP: 6/6
  1833 | D:2      | Noticed Natasha
  1838 | D:2      | Killed Natasha
  1839 | D:2      | Reached skill level 7 in Stealth
  1974 | D:2      | Reached XP level 5. HP: 49/49 MP: 8/8
  2238 | D:3      | Found a blossoming altar of Fedhas.
  3024 | D:3      | Found a glowing silver altar of Zin.
  3515 | D:4      | Noticed an ogre
  3520 | D:4      | Mangled by an ogre

Illustrated notes

Levels and vault maps discovered:
D:1:      elethiomel_arrival_quiet, layout_basic,
          dilly_ecumenical_altar_fadedgnrine
D:2:      layout_basic, chequers_jeans, uniq_natasha
D:3:      layout_loops_ring, zin_scriptorium, mainiacjoe_overflow_alcove_1
D:4:      layout_loops_corners, temple_pool_b, serial_shops, shop,
          moated_statue, uniq_sigmund

Skill      XL: |  1  2  3  4 |
---------------+-------------+-----
Stealth        | 6 7 |  7.5
Spellcasting   | 1 2 |  2.4
Fighting       | 3 |  3.5
Short Blades   | |  2.0
Throwing       | |  1.7
Dodging        | |  0.7
Shields        | |  0.1

Action                   |  1- 3 |  4- 6 || total
-------------------------+-------+-------++-------
Melee: Dagger            |    98 |   128 ||   226
Throw: Dart              |    32 |    11 ||    43
 Abil: Spit Poison       |    10 |    17 ||    27
  Use: Potion            |       |     2 ||     2
 Stab: Sleeping          |     8 |     5 ||    13
       Distracted        |     1 |       ||     1
Armor: Robe              |    18 |    50 ||    68
Dodge: Dodged            |    26 |    58 ||    84
Block: Buckler           |     8 |    21 ||    29

Table legend: (Time is in decaauts)
 A = Elapsed time spent in this place.
 B = Non-inter-level travel time spent in this place.
 C = Inter-level travel time spent in this place.
 D = Time resting spent in this place.
 E = Time spent auto-exploring this place.
 F = Levels seen in this place.
 G = Mean time per level.
                   A        B        C        D        E       F      G
               +--------+--------+--------+--------+--------+-----+--------+
         Total |   4282 |   4031 |    251 |    261 |   2825 |   4 | 1070.5 |
       Dungeon |   4282 |   4031 |    251 |    261 |   2825 |   4 | 1070.5 |
               +--------+--------+--------+--------+--------+-----+--------+

Top non-repeatable levels by time:
     D:2: 1584 daAuts
     D:3: 1385 daAuts
     D:1: 1051 daAuts
     D:4: 260 daAuts
